 Dungeon Crawl Stone Soup version 0.31-a0-1074-g0b22e4e0f1 (webtiles) character file.

Game seed: 6301142459642244376

833 RepHenryClay the Conjurer (level 7, 0/50 HPs)
             Began as a Yellow Draconian Conjurer on Nov 30, 2023.
             Shot with an arrow by a centaur (11 damage)
             ... on level 5 of the Dungeon on Dec 1, 2023.
             The game lasted 00:06:49 (4407 turns).

RepHenryClay the Conjurer (DrCj)                    Turns: 4407, Time: 00:06:50

Health: 0/50       AC:  6    Str:  9    XL:     7   Next: 65%
Magic:  10/10      EV: 13    Int: 21    God:
Gold:   144        SH:  0    Dex: 12    Spells: 7/10 levels left

rFire   + . .        a - +5 sling of the Kidney {drain, Dex+3}
rCold   + . .        p - orb {light}
rNeg    . . .        (body armour unavailable)
rPois   +            (helmet restricted)
rElec   +            (no cloak)
rCorr   +            (no gloves)
SInv    .            (no boots)
Will    .....        (no amulet)
Stlth   +            d - ring of flight
HPRegen 0.28/turn    (no ring)
MPRegen 0.12/turn

%: no passive effects
@: resistant, attractive, flying, glowing
A: spit acid, AC +6, unfitting armour, cold-blooded, acid resistance
a: Breathe Acid


You were on level 5 of the Dungeon.
You visited 1 branch of the dungeon, and saw 5 of its levels.

You collected 144 gold pieces.

Inventory:

Hand Weapons
 a - the +5 sling of the Kidney (weapon) {drain, Dex+3}
   (You found it on level 2 of the Dungeon)

   Dex+3:     It affects your dexterity (+3).
 b - a +2 dagger of venom
 s - a +2 dagger of protection
 t - the +8 dagger of Honesty {antimagic, *Rage Fragile rElec Will+++}
   (You took it off a kobold on level 3 of the Dungeon)

   rElec:     It insulates you from electricity.
   Will+++:   It greatly increases your willpower.
   *Rage:     It berserks you when you make melee attacks (+20% chance).
   Fragile:   It will be destroyed if unequipped.
Missiles
 g - 10 poisoned darts
 n - a throwing net
Armour
 p - an orb of light (worn)
Jewellery
 d - a ring of flight (left hand)
Scrolls
 c - a scroll of fear
 f - a scroll of torment
 h - a scroll of summoning {unknown}
 j - 2 scrolls of poison
 k - a scroll of revelation
 r - 4 scrolls of identify {unknown}
 u - 4 scrolls of teleportation {unknown}
 w - a scroll of vulnerability {unknown}
 x - a scroll of fog {unknown}
Potions
 e - 2 potions of curing
 l - a potion of magic
 m - a potion of haste {unknown}
 o - 2 potions of attraction
 q - a potion of enlightenment {unknown}
 v - a potion of lignification {unknown}
 z - a potion of ambrosia {unknown}
 A - a potion of heal wounds {unknown}


   Skills:
 + Level 5.4 Dodging
 - Level 1.9 Stealth
 - Level 2.1 Spellcasting
 - Level 7.6 Conjurations


You had 7 spell levels left.
You knew the following spells:

 Your Spells              Type           Power      Damage    Failure   Level
a - Magic Dart            Conj           100%       1d8       1%          1
b - Searing Ray           Conj           68%        2d6       1%          2

Your spell library contained the following spells:

 Spells                   Type           Power      Damage    Failure   Level
 Shock                    Conj/Air       72%        1d7       3%          1
 Dazzling Flash           Conj/Hex       36%        N/A       9%          3
 Fulminant Prism          Conj/Hex       9%         3d7       30%         4
 Iskenderun's Mystic Bla  Conj/Tloc      18%        2d6       30%         4
 Gell's Gravitas          Tloc           2%         N/A       41%         3
 Swiftness                Air            2%         N/A       41%         3
 Teleport Other           Tloc           2%         N/A       41%         3
 Airstrike                Air            1%         2d(1-17)  82%         4
 Dispersal                Tloc           1%         N/A       100%        6


Dungeon Overview and Level Annotations

Branches:
Dungeon (5/15)
 Temple: D:4-7

Altars:
Gozag
Nemelex Xobeh
Sif Muna


Innate Abilities, Weirdness & Mutations

You can spit globs of acid.
Your golden yellow scales are hard. (AC +6)
You cannot fit into any form of body armour.
You are cold-blooded and may be slowed by cold attacks.
You are resistant to acid. (rCorr)


Message History

Okay, then.
Unknown command.
You aren't carrying any items that you can evoke.
Unknown command.
Unknown command.
Unknown command.
Casting: Searing Ray (safe; 1% risk of failure)
Confirm with . or Enter, or press ? or * to list all spells.
Okay, then.
Unknown command.
Unknown command.
Casting: Searing Ray (safe; 1% risk of failure)
Confirm with . or Enter, or press ? or * to list all spells.
Okay, then.
Unknown command.
Casting: Searing Ray (safe; 1% risk of failure)
Confirm with . or Enter, or press ? or * to list all spells.
Okay, then.
Fire: a) +5 sling of the Kidney {drain, Dex+3}
Press: ? - help, Q - select action, (/) - cycle Shift-Dir - straight line, f/p - hound
Aim: a hound (severely wounded, heavily drained, haloed, 68% to hit)
You shoot a sling bullet. The centaur shouts!
The sling bullet hits the hound.
You drain the hound.
You kill the hound!
The centaur wields a +0 orcbow.
The centaur shoots an arrow.
The arrow barely misses you.
The iguana bites you but does no damage.
It was a potion of attraction.
You feel attractive to monsters.
The centaur shoots an arrow.
The arrow hits you!
* * * LOW HITPOINT WARNING * * *
The iguana barely misses you. The centaur is attracted toward you.
Huge Dmg: -26%(-13hp) hp: 20%(10hp) Welcome back, RepHenryClay the Yellow Draconian Conjurer.
Press ? for a list of commands and other information.
It was a potion of resistance.
You feel protected.
The centaur shoots an arrow.
The arrow hits you!
You die...

## .. #. #. #. #.
#########
.#####.#####.......#
.....c†@.....#####.#
..§...l....#######.#
.#####.###.# #.....#
#.###.###.....#
#.............#
#####.###.....# #.#
#..<..# #.#####[#.#
#.....#.#.#


You could see a centaur and an iguana.

Vanquished Creatures
  A steam dragon (D:5)
  A phantom (D:5)
  A scorpion (D:5)
  A howler monkey (D:5)
  2 hounds (D:5)
  A jelly (D:5)
  3 orc priests
  3 iguanas (D:5)
  5 orc wizards
  4 gnolls (D:4)
  2 adders (D:3)
  2 worms
  A dart slug (D:1)
  11 orcs
  5 ball pythons
  9 endoplasms
  9 giant cockroaches
  4 goblins
  6 hobgoblins
  11 kobolds
  3 quokkas
  4 bats
  3 frilled lizards
  7 rats
99 creatures vanquished.

Notes
Turn   | Place    | Note
-------+----------+-------------------------------------------
     0 | D:1      | RepHenryClay the Draconian Conjurer began the quest for the
                  | Orb.
     0 | D:1      | Reached XP level 1. HP: 14/14 MP: 3/3
   209 | D:1      | Found a faded altar of an unknown god.
   255 | D:1      | Reached XP level 2. HP: 20/20 MP: 1/5
   569 | D:1      | Learned a level 2 spell: Searing Ray
  1209 | D:1      | Reached XP level 3. HP: 26/26 MP: 3/6
  1634 | D:2      | Found a sparkling altar of Nemelex Xobeh.
  1711 | D:2      | Reached skill level 5 in Conjurations
  1923 | D:2      | Identified the +5 sling of the Kidney {drain, Dex+3}
  2514 | D:3      | Reached XP level 4. HP: 33/33 MP: 3/7
  2524 | D:3      | Reached skill level 6 in Conjurations
  2528 | D:3      | Reached XP level 5. HP: 24/38 MP: 0/8
  2853 | D:3      | Identified the +8 dagger of Honesty {antimagic, *Rage
                  | Fragile rElec Will+++}
  3386 | D:4      | Reached skill level 7 in Conjurations
  3471 | D:4      | Reached XP level 6. HP: 45/45 MP: 9/9
  3985 | D:5      | Entered Level 5 of the Dungeon
  4018 | D:5      | Found an opulent altar of Gozag.
  4019 | D:5      | Found a shimmering blue altar of Sif Muna.
  4214 | D:5      | Your scales start taking on a golden yellow colour.
  4214 | D:5      | Reached XP level 7. HP: 50/50 MP: 10/10
  4214 | D:5      | Gained mutation: You are resistant to acid. (rCorr) [Yellow
                  | Draconian growth]
  4268 | D:5      | Noticed a steam dragon
  4276 | D:5      | Killed a steam dragon
  4370 | D:5      | Reached skill level 5 in Dodging
  4407 | D:5      | Shot with an arrow by a centaur

Illustrated notes

Levels and vault maps discovered:
D:1:      evilmike_arrival_crescent, layout_loops_ring,
          shapermc_ecumenical_altar_starsandcircs, kennysheep_another_room
D:2:      minmay_skewed_foursquare, layout_loops_corners, basic_altar,
          minmay_pentomino_q2
D:3:      layout_loops_ring, minivault_26, columned_hall_lemuel
D:4:      minmay_goblin_kobold_castle, layout_basic, chequers_mini_garden
D:5:      layout_loops_ring, mainiacjoe_overflow_divided_tiny,
          corexii_checkpoint, uniq_sigmund

Skill      XL: |  1  2  3  4  5  6  7 |
---------------+----------------------+-----
Conjurations   | 5 6 7 |  7.6
Dodging        | 3 5 |  5.4
Stealth        | |  1.9
Spellcasting   | |  2.1

Action                     |  1- 3 |  4- 6 |  7- 9 || total
---------------------------+-------+-------+-------++-------
  Melee: Unarmed           |     7 |       |       ||     7
         Tailslap          |     3 |     1 |       ||     4
         Dagger            |       |     8 |       ||     8
         Sling             |       |     1 |       ||     1
   Fire: Sling             |    11 |   105 |    19 ||   135
   Cast: Magic Dart        |    82 |       |     3 ||    85
         Searing Ray       |     2 |     2 |     2 ||     6
Ability: Breathe Acid      |       |       |     1 ||     1
    Use: Potion            |       |     1 |     2 ||     3
         Scroll            |       |     5 |       ||     5
 Armour: Skin              |     8 |    37 |    21 ||    66
  Dodge: Dodged            |    13 |    41 |    12 ||    66

Table legend: (Time is in decaauts)
 A = Elapsed time spent in this place.
 B = Non-inter-level travel time spent in this place.
 C = Inter-level travel time spent in this place.
 D = Time resting spent in this place.
 E = Time spent auto-exploring this place.
 F = Levels seen in this place.
 G = Mean time per level.
                   A        B        C        D        E       F      G
               +--------+--------+--------+--------+--------+-----+--------+
         Total |   4461 |   4333 |    128 |    115 |   3649 |   5 |  892.2 |
       Dungeon |   4461 |   4333 |    128 |    115 |   3649 |   5 |  892.2 |
               +--------+--------+--------+--------+--------+-----+--------+

Top non-repeatable levels by time:
     D:1: 1335 daAuts
     D:2: 1110 daAuts
     D:3: 926 daAuts
     D:4: 651 daAuts
     D:5: 437 daAuts
